 Dungeon Crawl Stone Soup version 0.29-a0-925-g0a7a3d12f8 (webtiles) character file.

Game seed: 9030039878191726402

1229 quixfox the Digger (level 8, -4/44 HPs)
             Began as a Gargoyle Earth Elementalist on July 29, 2022.
             Slain by a sun demon (13 damage)
             ... summoned by a kobold demonologist
             ... on level 5 of the Dungeon.
             The game lasted 00:13:52 (4854 turns).

quixfox the Digger (Gargoyle Earth Elementalist)    Turns: 4854, Time: 00:13:53

Health: -4/44      AC: 10    Str: 13    XL:     8   Next: 48%
Magic:  13/15      EV: 11    Int: 23    God:
Gold:   334        SH:  0    Dex: 10    Spells: 11/17 levels left

rFire   . . .      SeeInvis .   a - staff of earth
rCold   . . .      Faith    .   (no shield)
rNeg    + . .      Spirit   .   e - +0 robe
rPois   ∞          Reflect  .   x - +0 helmet
rElec   +          Harm     .   j - +0 cloak
rCorr   .          Rampage  .   (no gloves)
Will    .....                   (no boots)
Stlth   ++........              (no amulet)
HPRegen 0.14/turn               p - +6 ring of intelligence
MPRegen 0.14/turn               (no ring)

@: mighty, studying Armour
A: sickness immunity, AC +5, negative energy resistance 1, electricity
resistance, torment resistance 1, petrification resistance
a: no special abilities


You were on level 5 of the Dungeon.
You visited 1 branch of the dungeon, and saw 5 of its levels.
You also visited: Ossuary.

You collected 334 gold pieces.

Inventory:

Hand Weapons
 b - the +2 trident of the Puffin {flame, rElec rF+ Int+7 Dex-2}
   (You found it on level 4 of the Dungeon)

   It burns those it strikes, dealing additional fire damage.
   Int:       It affects your intelligence (+7).
   Dex:       It affects your dexterity (-2).
   rF:        It protects you from fire.
   rElec:     It insulates you from electricity.
Armour
 e - a +0 robe (worn)
 j - a +0 cloak (worn)
 x - a +0 helmet (worn)
Magical Staves
 a - a staff of earth (weapon)
Jewellery
 p - a +6 ring of intelligence (left hand)
 y - an amulet of regeneration
Wands
 l - a wand of acid (6)
Scrolls
 g - 2 scrolls of poison
 k - 6 scrolls of magic mapping
 n - 2 scrolls of blinking {unknown}
 t - 4 scrolls of teleportation
 z - a scroll of identify
 A - a scroll of butterflies
Potions
 c - 3 potions of attraction
 d - 2 potions of berserk rage
 f - 3 potions of heal wounds
 h - 3 potions of might
 i - 3 potions of curing
 m - a potion of lignification {unknown}
 o - 2 potions of degeneration {unknown}
 q - a potion of mutation {unknown}
 r - a potion of flight {unknown}
 s - 2 potions of magic
 u - a potion of brilliance {unknown}
 v - a potion of ambrosia {unknown}
 w - 3 potions of haste


   Skills:
 + Level 1.7 Fighting
 + Level 1.8 Staves
 + Level 2.2 Armour
 - Level 1.5 Dodging
 - Level 2.1 Stealth
 + Level 5.2 Spellcasting
 + Level 5.4 Conjurations
 - Level 0.7 Transmutations
 + Level 7.5 Earth Magic


You had 11 spell levels left.
You knew the following spells:

 Your Spells              Type           Power      Damage    Failure   Level
a - Sandblast             Erth           100%       2d20      1%          1
b - Passwall              Tmut/Erth      30%        N/A       2%          2
c - Stone Arrow           Conj/Erth      100%       3d13      1%          3

Your spell library contained the following spells:

 Spells                   Type           Power      Damage    Failure   Level
 Ensorcelled Hibernation  Hex/Ice        12%        N/A       14%         2
 Petrify                  Tmut/Erth      37%        N/A       17%         4
 Spider Form              Tmut/Pois      7%         N/A       24%         3
 Anguish                  Hex/Necr       3%         N/A       67%         4


Dungeon Overview and Level Annotations

Branches:
Dungeon (5/15)             Temple (0/1) D:5         Ossuary (visited)

Altars:

Shops:
D:5 =


Innate Abilities, Weirdness & Mutations

You are immune to sickness and miasma.
Your stone body is resilient. (AC +5)
You are immune to poison.
You resist negative energy. (rN+)
You are resistant to electric shocks. (rElec)
You are resistant to unholy torment.
You are immune to petrification.


Message History

The curare-tipped dart closely misses you.
The kobold brigand throws a curare-tipped dart.
The curare-tipped dart barely misses you.
Aiming: Sandblast (safe; 1% risk of failure)
Press: ? - help, Q - select action, (/) - cycle Shift-Dir - straight line, f/p - kobold brigand
Aim: a kobold brigand, wielding a +0 whip and quivering curare-tipped darts (severely wounded, 82% to hit)
You feel a surge of power!
The blast of sand hits the kobold brigand!!
You kill the kobold brigand!
Aiming: Sandblast (safe; 1% risk of failure)
Press: ? - help, Q - select action, (/) - cycle Shift-Dir - straight line, f - kobold brigand
Aim: a kobold brigand, wielding a +0 dagger and quivering curare-tipped darts (82% to hit)
You feel a surge of power!
The blast of sand hits the kobold brigand!
The kobold brigand is severely wounded.
Aiming: Sandblast (safe; 1% risk of failure)
Press: ? - help, Q - select action, (/) - cycle Shift-Dir - straight line, f/p - kobold brigand
Aim: a kobold brigand, wielding a +0 dagger and quivering curare-tipped darts (heavily wounded, 82% to hit)
You feel a surge of power!
The blast of sand hits the kobold brigand!!
You kill the kobold brigand!
The kobold demonologist mumbles some strange words.
The chaos spawn hits you.
You feel very mighty all of a sudden.
Your Armour skill increases to level 2!
The chaos spawn attacks as you move away!
The chaos spawn completely misses you.
The chaos spawn attacks as you move away!
The chaos spawn hits you! The chaos spawn freezes you!
The chaos spawn attacks as you move away!
The chaos spawn barely misses you.
The chaos spawn degenerates into a cloud of primal chaos!
The kobold demonologist casts a spell.
The sun demon is engulfed in seething chaos.
The sun demon seems to speed up.
There is a stone staircase leading up here.
The sun demon hits you!
* * * LOW HITPOINT WARNING * * *
You are engulfed in flames!
You die...

#..# #.# #.## ##. ##### #..#
#.# ##.## ##.# ....# #..#
#.# #..###(.# .##.# #..# #.#
#...#.#.# )##.# #..#
#.######.#.#.#. ..#.# ####
#..)).)........ ....######
#.######..####.
..####...##########.#
#....... ...#
#..........@3..# #.#####.
.#.###...##########.######.#
#. ##..........# #.....K44#
#. #..#######.# ########5#
#. ##..# #.# #######.#####.
#...# #)### .........K..4..
....# #...# .#########.5....
....# #.#.###.### #....4.
....# #.#.<...... ...(.###K


You could see a sun demon (summoned, fast).

Vanquished Creatures
  Menkaure (Ossuary)
  A black bear (D:5)
  A phantom (D:5)
  2 kobold brigands (D:5)
  2 scorpions (D:4)
  A jelly (D:5)
  6 orc priests
  2 hounds
  Jessica (D:2)
  3 orc wizards
  An iguana (D:5)
  3 mummies (Ossuary)
  A gnoll (D:1)
  9 adders
  An ufetubus (D:4)
  A dart slug (D:2)
  23 orcs
  4 bats
  6 endoplasms
  4 giant cockroaches
  2 gnoll zombies (Ossuary)
  8 goblins
  9 hobgoblins
  14 kobolds
  6 quokkas
  6 ball pythons
  2 frilled lizards
  5 gnoll skeletons (Ossuary)
  6 goblin skeletons (Ossuary)
  3 goblin zombies (Ossuary)
  2 hobgoblin skeletons (Ossuary)
  4 hobgoblin zombies (Ossuary)
  A kobold skeleton (Ossuary)
  2 kobold zombies (Ossuary)
  7 orc skeletons (Ossuary)
  9 orc zombies (Ossuary)
  2 rats
  4 rat skeletons (Ossuary)
  5 rat zombies (Ossuary)
170 creatures vanquished.

Notes
Turn   | Place    | Note
-------+----------+-------------------------------------------
     0 | D:1      | quixfox the Gargoyle Earth Elementalist began the quest for
                  | the Orb.
     0 | D:1      | Reached XP level 1. HP: 10/10 MP: 3/3
   164 | D:1      | Found a faded altar of an unknown god.
   171 | D:1      | Reached XP level 2. HP: 15/15 MP: 1/5
   175 | D:1      | Reached skill level 4 in Earth Magic
   627 | D:1      | Reached XP level 3. HP: 19/19 MP: 2/6
   630 | D:1      | Learned a level 2 spell: Passwall
   634 | D:1      | Learned a level 3 spell: Stone Arrow
  1221 | D:2      | Reached skill level 1 in Conjurations
  1391 | D:2      | Reached XP level 4. HP: 24/24 MP: 6/8
  1667 | D:2      | Noticed Jessica
  1670 | D:2      | Killed Jessica
  1897 | D:3      | Reached skill level 5 in Earth Magic
  2010 | D:3      | Reached XP level 5. HP: 25/28 MP: 6/9
  2702 | D:4      | Reached XP level 6. HP: 32/32 MP: 9/11
  3173 | D:4      | Reached skill level 6 in Earth Magic
  3183 | D:4      | Reached XP level 7. HP: 32/36 MP: 6/13
  3198 | D:4      | Found a sand-covered staircase.
  3209 | Ossuary  | Entered an ossuary
  3608 | Ossuary  | Noticed Menkaure
  3611 | Ossuary  | Killed Menkaure
  3729 | D:4      | Identified the +2 trident of the Puffin {flame, rElec rF+
                  | Int+7 Dex-2}
  4110 | D:5      | Entered Level 5 of the Dungeon
  4137 | D:5      | Reached skill level 7 in Earth Magic
  4198 | D:5      | Reached skill level 5 in Spellcasting
  4198 | D:5      | Reached skill level 5 in Conjurations
  4246 | D:5      | Reached XP level 8. HP: 41/41 MP: 13/15
  4300 | D:5      | Noticed a kobold demonologist
  4303 | D:5      | Noticed a kobold demonologist
  4332 | D:5      | Noticed a hellwing
  4539 | D:5      | Found Keoh's Jewellery Shop.
  4553 | D:5      | Reached skill level 1 in Staves
  4583 | D:5      | Reached skill level 1 in Fighting
  4583 | D:5      | Reached skill level 1 in Armour
  4830 | D:5      | Found a staircase to the Ecumenical Temple.
  4847 | D:5      | Noticed a sun demon
  4854 | D:5      | Slain by a sun demon

Illustrated notes

Levels and vault maps discovered:
D:1:      psy_arrival_fountain, layout_basic, ebering_ecumenical_altar_mist,
          minmay_shallow_snake_nest
D:2:      layout_loops_ring, uniq_jessica
D:3:      corexii_shack_village, layout_rooms
D:4:      layout_gridville, enter_ossuary_1, hangedman_decor_growths
D:5:      layout_loops_ring, minmay_temple_entry_junction, serial_shops, shop

Skill      XL: |  1  2  3  4  5  6  7  8 |
---------------+-------------------------+-----
Earth Magic    | 4 5 6 7 |  7.5
Conjurations   | 1 2 3 5 |  5.4
Spellcasting   | 3 4 5 |  5.2
Staves         | 1 |  1.8
Fighting       | 1 |  1.7
Armour         | 2 |  2.2
Dodging        | |  1.5
Stealth        | |  2.1
Transmutations | |  0.7

Action                   |  1- 3 |  4- 6 |  7- 9 || total
-------------------------+-------+-------+-------++-------
Melee: Unarmed           |    13 |       |       ||    13
       Staff             |       |     1 |     6 ||     7
 Cast: Sandblast         |    41 |    82 |   103 ||   226
  Use: Scroll            |       |     8 |     6 ||    14
       Potion            |       |       |     1 ||     1
 Stab: Sleeping          |       |     1 |       ||     1
Armor: Robe              |    28 |    11 |    16 ||    55
Dodge: Dodged            |    30 |    20 |    29 ||    79

Table legend: (Time is in decaauts)
 A = Elapsed time spent in this place.
 B = Non-inter-level travel time spent in this place.
 C = Inter-level travel time spent in this place.
 D = Time resting spent in this place.
 E = Time spent auto-exploring this place.
 F = Levels seen in this place.
 G = Mean time per level.
                   A        B        C        D        E       F      G
               +--------+--------+--------+--------+--------+-----+--------+
         Total |   5078 |   4920 |    158 |    313 |   3107 |   6 |  846.3 |
       Dungeon |   4515 |   4357 |    158 |    167 |   3095 |   5 |  903.0 |
       Ossuary |    562 |    562 |      0 |    146 |     12 |   1 |  562.0 |
               +--------+--------+--------+--------+--------+-----+--------+

Top non-repeatable levels by time:
     D:1: 1017 daAuts
     D:4: 1006 daAuts
     D:2: 964 daAuts
     D:5: 780 daAuts
     D:3: 746 daAuts
 Ossuary: 562 daAuts
